 Dungeon Crawl Stone Soup version 0.30-a0-556-g0a0f5a245f (webtiles) character file.

Game seed: 15051273930594101897

172 M4edhros the Poker (level 5, -4/37 HPs)
             Began as an Octopode Chaos Knight on Dec 27, 2022.
             Was a Plaything of Xom.
             Slain by a black bear (9 damage)
             ... on level 5 of the Dungeon.
             The game lasted 00:01:56 (669 turns).

M4edhros the Poker (Octopode Chaos Knight)           Turns: 669, Time: 00:01:57

Health: -4/37      AC:  1    Str:  9 (11) XL:     5   Next: 53%
Magic:  5/5        EV: 13    Int: 12 (15) God:    Xom [*.....]
Gold:   62         SH:  0    Dex: 10 (13) Spells: 4/4 levels left

rFire   . . .      SeeInvis .    a - +0 spear (chaos)
rCold   . . .      Faith    .    (no shield)
rNeg    . . .      Spirit   .    (helmet restricted)
rPois   .          Reflect  .    (no amulet)
rElec   .          Harm     .    (no ring)
rCorr   .          Rampage  .    (no ring)
Will    .....                    (no ring)
Stlth   ++                       (no ring)
HPRegen 0.26/turn                (no ring)
MPRegen 0.09/turn                (no ring)
                                 (no ring)
                                 (no ring)

@: attractive
A: almost no armour, amphibious, 8 rings, camouflage 1, gelatinous body 1,
(nimble swimmer 1), tentacles
a: Renounce Religion


You were on level 5 of the Dungeon.
You worshipped Xom.
You were a special plaything of Xom.
You visited 1 branch of the dungeon, and saw 5 of its levels.

You collected 62 gold pieces.

Inventory:

Hand Weapons
 a - a +0 spear of chaos (weapon)
Wands
 f - a wand of iceblast (4)
Scrolls
 h - a scroll of magic mapping {unknown}
Miscellaneous
 b - a piece from Xom's chessboard (15/15) (quivered)


   Skills:
 + Level 4.2 Fighting
 + Level 4.2 Polearms
 + Level 3.8 Dodging


You had 4 spell levels left.
You didn't know any spells.
Your spell library was empty.

Dungeon Overview and Level Annotations

Branches:
Dungeon (5/15)
 Temple: D:4-7

Altars:
Ashenzari
Kikubaaqudgha
Ru

Annotations:
D:5 Pikel


Innate Abilities, Weirdness & Mutations

You cannot wear most types of armour.
You are amphibious.
You can wear up to eight rings at the same time.
Your skin changes colour to match your surroundings (Stealth+).
Your rubbery body absorbs attacks. (AC +1, EV +1)
((You are camouflaged when in or above water. (Stealth+)))
You have tentacles for arms and can constrict up to eight enemies at once.


Message History

Aim: Pikel, wielding a +2 whip of flaming and wearing a +0 robe (lightly wounded, poisoned, about 44% to evade your +0 spear of chaos)
The lemure is in the way.
You hit the lemure but do no damage.
The lemure looks as sick as possible!
The lemure is heavily wounded.
The lemure looks as sick as possible!
You constrict the lemure. The lemure hits you.
* * * LOW HITPOINT WARNING * * *
Reach: a) +0 spear (chaos)
Press: ? - help, Dir - move target, f/p - Pikel
Aim: Pikel, wielding a +2 whip of flaming and wearing a +0 robe (moderately wounded, poisoned, about 44% to evade your +0 spear of chaos)
The lemure is in the way.
You hit the lemure.
The lemure is almost dead.
Your surroundings suddenly seem different.
You lose your grip on something.
A black bear comes into view.
Your toxic aura wanes.
The black bear is attracted toward you.
You aren't carrying any potions.
Okay, then.
The helpless black bear fails to defend itself.
You hit the black bear. You freeze the black bear.
Your grab misses the black bear.
The black bear is lightly wounded.
The black bear misses you. The black bear barely misses you. x2
You barely miss the black bear. Your grab misses the black bear.
You squeeze the black bear.
The black bear is moderately wounded.
The black bear bites you.
* * * LOW HITPOINT WARNING * * *
The black bear claws you.
* * * LOW HITPOINT WARNING * * *
The black bear claws you.
* * * LOW HITPOINT WARNING * * *
You hit the black bear but do no damage.
The black bear is poisoned.
You grab the black bear. Your squeeze misses the black bear.
The black bear is moderately wounded.
You constrict the black bear. The black bear bites you!
You die...
Xom bursts into laughter!

.... #.#
.... #.#
..... #.#
..... #.#
......#.#
......#.###
..........#
....ยง.h@..#
##........#
#........#
#.....##.#
#..... ##
#.....
###... ....


You could see a black bear (very poisoned).

Vanquished Creatures
  2 lemures (D:5)
  A scorpion (D:4)
  A howler monkey (D:4)
  A hound (D:5)
  2 adders
  A shadow imp (D:4)
  A worm (D:2)
  A dart slug (D:4)
  An orc (D:4)
  3 ball pythons
  A bat (D:2)
  An endoplasm (D:1)
  A goblin (D:2)
  A kobold (D:2)
  A quokka (D:1)
  A rat (D:1)
20 creatures vanquished.

Notes
Turn   | Place    | Note
-------+----------+-------------------------------------------
     0 | D:1      | M4edhros the Octopode Chaos Knight began the quest for the
                  | Orb.
     0 | D:1      | Reached XP level 1. HP: 16/16 MP: 1/1
   158 | D:2      | Found an ancient bone altar of Kikubaaqudgha.
   166 | D:2      | Reached XP level 2. HP: 21/21 MP: 2/2
   356 | D:2      | Reached XP level 3. HP: 26/26 MP: 3/3
   357 | D:3      | Found a broken altar of Ashenzari.
   437 | D:4      | XOM: divination: magic mapping
   447 | D:4      | Reached XP level 4. HP: 19/33 MP: 4/4
   448 | D:4      | Noticed a scorpion
   461 | D:4      | Killed a scorpion
   462 | D:4      | Reached XP level 5. HP: 26/37 MP: 5/5
   488 | D:4      | XOM: noise
   539 | D:5      | Entered Level 5 of the Dungeon
   647 | D:5      | Found a sacrificial altar of Ru.
   647 | D:5      | Noticed Pikel
   647 | D:5      | Noticed a lemure
   647 | D:5      | Noticed a lemure
   647 | D:5      | Noticed a lemure
   647 | D:5      | Noticed a lemure
   657 | D:5      | Killed a lemure
   663 | D:5      | XOM: cast spell 'Olgreb's Toxic Radiance'
   666 | D:5      | Noticed a black bear
   667 | D:5      | Killed a lemure
   669 | D:5      | Slain by a black bear

Illustrated notes

Levels and vault maps discovered:
D:1:      lemuel_arrival_tunnels, layout_basic, grunt_decor_resistance
D:2:      layout_loops_ring, serial_forest, infiniplex_forest_fountain,
          infiniplex_forest_lined_corner, infiniplex_forest_straight_2,
          infiniplex_forest_lined_corner, infiniplex_forest_end_2,
          infiniplex_forest_corner_1, infiniplex_forest_clump_tiny,
          infiniplex_forest_lined_3_way, basic_altar, minmay_heptomino_o4,
          uniq_sigmund, uniq_crazy_yiuf_cottage
D:3:      layout_rooms, cheibrodos_ashenzari_chains
D:4:      layout_layer_cave, lemuel_tele_altar, nicolae_wooded_promenade
D:5:      layout_basic, mainiacjoe_overflow_24_doors, gup_sewer_entry_spiral,
          serial_bayou_lagoon_b, uniq_duvessa, uniq_pikel

Skill      XL: |  1  2  3  4 |
---------------+-------------+-----
Dodging        | 3 |  3.8
Fighting       | 4 |  4.2
Polearms       | 4 |  4.2

Action                   |  1- 3 |  4- 6 || total
-------------------------+-------+-------++-------
Melee: Spear             |    27 |    29 ||    56
       Tentacles         |     6 |     6 ||    12
       Constrict         |     5 |     4 ||     9
Evoke: Wand              |       |     1 ||     1
  Use: Scroll            |       |     2 ||     2
       Potion            |       |     2 ||     2
 Stab: Sleeping          |     3 |     2 ||     5
Armor: Skin              |     1 |       ||     1
Dodge: Dodged            |     4 |    16 ||    20

Table legend: (Time is in decaauts)
 A = Elapsed time spent in this place.
 B = Non-inter-level travel time spent in this place.
 C = Inter-level travel time spent in this place.
 D = Time resting spent in this place.
 E = Time spent auto-exploring this place.
 F = Levels seen in this place.
 G = Mean time per level.
                   A        B        C        D        E       F      G
               +--------+--------+--------+--------+--------+-----+--------+
         Total |    663 |    613 |     50 |      0 |    434 |   5 |  132.6 |
       Dungeon |    663 |    613 |     50 |      0 |    434 |   5 |  132.6 |
               +--------+--------+--------+--------+--------+-----+--------+

Top non-repeatable levels by time:
     D:2: 250 daAuts
     D:5: 127 daAuts
     D:4: 104 daAuts
     D:1: 104 daAuts
     D:3: 75 daAuts
